 Dungeon Crawl Stone Soup version 0.28.0-43-g3370ac3207 (webtiles) character file.

Game seed: 13921997014677714341

106484 boopmooplesden the Swashbuckler (level 15, -4/132 HPs)
             Began as a Minotaur Berserker on Mar 27, 2022.
             Was a High Priest of Trog.
             Constricted to death by a naga warrior (5 damage)
             ... on level 1 of the Snake Pit.
             The game lasted 00:37:20 (21909 turns).

boopmooplesden the Swashbuckler (MiBe)             Turns: 21909, Time: 00:37:20

Health: -4/132     AC: 41    Str: 25    XL:     15   Next: 97%
Magic:  14/14      EV: 10    Int:  6    God:    Trog [*****.]
Gold:   2103       SH:  0    Dex: 15    Spells: 14/14 levels left

rFire   . . .      SeeInvis .   u - +11 rapier of Gohate {protect, +Blink rPois Will+++}
rCold   + . .      Faith    .   (no shield)
rNeg    + . .      Spirit   .   d - +18 Lear's hauberk
rPois   +          Reflect  .   (helmet currently unavailable)
rElec   +          Harm     .   a - +0 cloak
rCorr   .          Rampage  .   (gloves currently unavailable)
Will    ++++.                   (boots currently unavailable)
Stlth   ..........              M - amulet of regeneration
HPRegen 1.12/turn               m - ring of Liju {rElec rPois rC+ rN+ Dex-5}
MPRegen 0.14/turn               J - +6 ring of dexterity

@: lethally poisoned (-4 -> -5), under a protective aura, on berserk cooldown,
slowed, constricted, studying 2 skills, very slow
A: horns 2, retaliatory headbutt, frail 1, strong 1
a: Renounce Religion, Evoke Blink, Berserk, Trog's Hand, Brothers in Arms


You were on level 1 of the Snake Pit.
You worshipped Trog.
Trog was extremely pleased with you.
You visited 4 branches of the dungeon, and saw 22 of its levels.
You also visited: Ossuary and Ice Cave.

You collected 2103 gold pieces.

Inventory:

Hand Weapons
 g - a +3 triple sword of flaming
 r - a +2 quarterstaff of speed
 u - the +11 rapier of Gohate (weapon) {protect, +Blink rPois Will+++}
   (You found it on level 4 of the Dungeon)

   It grants its wielder temporary protection when it strikes (+7 to AC).
   rPois:     It protects you from poison.
   +Blink:    It lets you blink.
   Will:      It greatly increases your willpower.
 C - the +8 dagger of Instant Death {flame, Str+8 Dex-2}
   (Trog gifted it to you on level 1 of the Lair of Beasts)

   It burns those it strikes, dealing additional fire damage.
   Str:       It affects your strength (+8).
   Dex:       It affects your dexterity (-2).
Missiles
 y - 5 silver boomerangs
 F - 5 javelins (quivered)
 I - 2 throwing nets
Armour
 a - a +0 cloak (worn)
 d - the +18 Lear's hauberk (worn)
   (You acquired it on level 9 of the Dungeon)
 k - a +2 pair of gloves
 Y - the +0 hat "Tienicw" {Contam rC++ Str+4 Slay+2}
   (You found it on level 4 of the Lair of Beasts)

   Str:       It affects your strength (+4).
   Slay:      It affects your accuracy & damage with ranged weapons and melee
   (+2).
   rC:        It greatly protects you from cold.
   Contam:    It causes magical contamination when unequipped.
 Z - the +1 robe of Vines {NoPotionHeal Regen++++}
   (You found it on level 5 of the Lair of Beasts)

   Its wearer cannot be healed by potions.
   Regen:     It increases your rate of health regeneration.
Jewellery
 c - a ring of ice
 f - an amulet of reflection
 m - the ring of Liju (left hand) {rElec rPois rC+ rN+ Dex-5}
   (You found it in an ice cave)

   [ring of poison resistance]

   Dex:       It affects your dexterity (-5).
   rC:        It protects you from cold.
   rElec:     It insulates you from electricity.
   rPois:     It protects you from poison.
   rN:        It protects you from negative energy.
 w - a +4 ring of slaying
 G - a ring of magical power
 J - a +6 ring of dexterity (right hand)
 M - an amulet of regeneration (around neck)
 P - an amulet of magic regeneration
 S - an amulet of the acrobat
 T - a ring of ice
Wands
 i - a wand of iceblast (10)
 p - a wand of paralysis (8)
 x - a wand of charming (2)
 D - a wand of flame (15)
 U - a wand of acid (17)
Scrolls
 b - 8 scrolls of identify
 e - 5 scrolls of summoning
 A - 5 scrolls of enchant armour
 B - 13 scrolls of teleportation
 H - 5 scrolls of fog
 L - 2 scrolls of fear
 N - 2 scrolls of blinking
 Q - 3 scrolls of magic mapping
 W - 2 scrolls of enchant weapon
 X - a scroll of holy word
Potions
 h - 7 potions of curing
 l - a potion of might
 n - 4 potions of haste
 s - 4 potions of flight
 t - 3 potions of mutation
 z - 6 potions of heal wounds
 K - a potion of cancellation
 R - a potion of ambrosia
 V - 3 potions of invisibility {unknown}
Miscellaneous
 q - a box of beasts
 O - a tin of tremorstones (2/2)


   Skills:
 + Level 17.5 Fighting
 + Level 20.6 Short Blades
 + Level 7.2(7.7) Maces & Flails
 + Level 3.9(6.1) Staves
 + Level 18.0 Armour
 + Level 8.7 Dodging
 + Level 3.6 Stealth


You had 14 spell levels left.
You didn't know any spells.
Your spell library was empty.

Dungeon Overview and Level Annotations

Branches:
Dungeon (13/15)            Temple (0/1) D:5            Lair (6/6) D:8
  Swamp (0/4) Lair:3        Snake (1/4) Lair:4        Slime (0/5) Lair:5
    Orc (2/2) D:9             Elf (0/3) Orc:2        Vaults (0/5) D:13
Ossuary (visited)           IceCv (visited)

Altars:
Cheibriados
Nemelex Xobeh
Uskayaw
Beogh
Lugonu

Shops:
D:6 ?   D:8 (   Orc:1 (   Orc:2 :*(?

Portals:
Abyss: Lair:6


Innate Abilities, Weirdness & Mutations

You have a pair of horns on your head.
You reflexively headbutt those who attack you in melee.
You are frail. (-10% HP)
Your muscles are strong. (Str +2)


Message History

You resist.
The naga warrior roars a battlecry!
The naga spits poison at you.
The splash of poison hits you but does no damage.
You are poisoned.
You resist.
You puncture the naga!
Your weapon exudes an aura of protection.
The naga is moderately wounded.
You feel sick.
The naga warrior hits you but does no damage.
The naga warrior grabs you. The naga warrior constricts you.
You puncture the naga!
The naga is severely wounded.
You feel sick.
The naga warrior hits you with a +0 halberd!
* * * LOW HITPOINT WARNING * * *
The naga warrior constricts you.
You puncture the naga warrior! Your headbutt misses the naga warrior.
The naga warrior is heavily wounded.
You feel sick. The naga warrior spits poison at you.
The splash of poison hits you but does no damage.
You are more poisoned.
You resist. The naga hits you with a +0 halberd!!
* * * LOW HITPOINT WARNING * * *
You puncture the naga warrior! Your headbutt misses the naga warrior.
The naga warrior is severely wounded.
You feel sick.
The naga warrior hits you with a +0 halberd!
* * * LOW HITPOINT WARNING * * *
The naga warrior constricts you. The naga spits poison at you.
The splash of poison hits you but does no damage.
You resist.
You puncture the naga warrior! You headbutt the naga warrior!
The naga warrior is almost dead.
* * * LOW HITPOINT WARNING * * *
You feel sick. The naga warrior barely misses you.
The naga warrior constricts you.
You die...

.. ...... .. .. #......
.... .... ....... ....
#.. ....... ....##..
(.....[ ........
.......
.......###.......
..####...@N.......
.........NN.......
........))).......
...#...#†.......#.
..^.#..#.......... ..#
#..#.)..##...## .
##..#.....###...#.#....
#...#..........#..#....
##......#..#.###..#....


You could see 2 naga warriors and a naga (strong).

Vanquished Creatures
  An azure jelly (IceCv)
  2 quicksilver oozes (IceCv)
  Azrael (Orc:2)
  The ghost of adizb the Slicer, a journeyman TeFi of Dithmenos (Lair:6)
  Josephine (Orc:2)
  Fannar (D:11)
  Harold (D:8)
  A naga warrior (Snake:1)
  8 vault guards (D:13)
  The ghost of pkoi the Martial Artist, a journeyman DgGl (Lair:3)
  An ice dragon (Lair:6)
  11 hydras
  2 centaur warriors (D:11)
  2 death knights
  2 ogre magi (Orc:2)
  14 two-headed ogres
  15 death yaks (Lair:3)
  A naga sharpshooter (Snake:1)
  4 thrashing horrors (Lair:6)
  Nergalle (D:12)
  2 skeletal warriors
  A fire crab (Lair:6)
  2 deep trolls (Orc:2)
  2 bog bodies (Lair:3)
  A deep elf pyromancer (D:11)
  7 oklob plants
  A mana viper (Snake:1)
  A manticore (D:12)
  An ugly thing (D:12)
  A salamander (Snake:1)
  3 cyclopes
  4 elephants (Lair:6)
  A guardian serpent (Snake:1)
  11 black mambas
  A naga mage (Snake:1)
  3 smoke demons (Lair:6)
  A torpor snail (Lair:3)
  A guardian serpent (shapeshifter) (D:13)
  3 ice statues (IceCv)
  3 gargoyles
  12 cane toads
  2 rime drakes
  6 komodo dragons
  3 freezing wraiths
  A komodo dragon (shapeshifter) (D:11)
  A tengu conjurer (D:11)
  3 ancient zymes (Lair:6)
  6 trolls
  3 polar bears
  A slime creature (shapeshifter) (D:13)
  22 slime creatures
  22 blink frogs
  4 dream sheep (Lair:6)
  50 yaks
  A shadow (D:11)
  2 spriggans (Lair:6)
  7 wraiths
  2 ynoxinuls (Lair:6)
  13 small abominations (Lair:6)
  3 wyverns
  A vampire (D:12)
  5 basilisks
  4 fire elementals (Orc:2)
  2 vampire mosquitoes (D:12)
  2 chaos spawn (Lair:6)
  9 nagas
  A warg (Orc:1)
  2 swamp worms (Lair:3)
  A hell hound (Orc:2)
  An acid dragon (D:8)
  4 demonic crawler simulacra (IceCv)
  A large abomination (Lair:6)
  13 water moccasins
  A sky beast (D:8)
  6 orc warriors
  2 ice beasts (D:6)
  A black bear (shapeshifter) (D:13)
  16 ogres
  A black bear (D:6)
  3 ugly thing simulacra (IceCv)
  8 wolves
  10 centaurs
  A phantom (D:4)
  5 kobold brigands
  7 bullfrogs
  2 glowing shapeshifter simulacra (IceCv)
  A gnoll sergeant (D:6)
  2 scorpions (D:6)
  A wyvern skeleton (D:5)
  A water moccasin skeleton (D:6)
  4 killer bees (D:9)
  5 wights (D:8)
  7 howler monkeys
  2 electric eels (Lair:3)
  3 centaur zombies
  2 bullfrog zombies (D:5)
  A centaur skeleton (D:6)
  2 hounds
  A human zombie (Ossuary)
  3 jellies
  14 orc priests
  Jessica (D:3)
  15 orc wizards
  3 iguanas
  Natasha (thrice) (D:3)
  Terence (D:3)
  A killer bee zombie (D:6)
  3 hound zombies (Ossuary)
  3 mummies (Ossuary)
  2 hound skeletons
  Robin (D:4)
  A howler monkey zombie (D:8)
  7 gnolls (D:6)
  6 adders
  A shadow imp (D:5)
  2 white imps
  An ufetubus (D:7)
  An adder skeleton (D:4)
  4 adder zombies (Ossuary)
  2 worms (D:2)
  2 dart slugs
  49 orcs
  6 bats
  17 endoplasms (D:2)
  3 giant cockroaches
  A gnoll zombie (Ossuary)
  15 goblins
  12 hobgoblins
  6 jackals (D:3)
  37 kobolds
  4 quokkas
  7 ball pythons
  7 frilled lizards
  8 goblin zombies (Ossuary)
  3 hobgoblin zombies (Ossuary)
  2 jackal zombies (Ossuary)
  4 kobold zombies (Ossuary)
  An orc zombie (Ossuary)
  A quokka zombie (Ossuary)
  5 rats
  7 rat zombies (Ossuary)
698 creatures vanquished.

Vanquished Creatures (collateral kills)
  2 two-headed ogres (Orc:2)
  2 trolls (Orc:2)
  A wraith (Orc:2)
  A fire elemental (Orc:2)
  A hell hound (Orc:2)
  An orc warrior (Orc:2)
  6 ogres (Orc:2)
  An orc priest (Orc:2)
  11 orcs (Orc:2)
26 creatures vanquished.

Vanquished Creatures (others)
  An orc warrior (Orc:2)
  2 orc wizards
  An orc (Orc:2)
  A kobold (D:10)
  12 fungi
  20 plants
  8 toadstools (D:2)
45 creatures vanquished.

Grand Total: 769 creatures vanquished

Notes
Turn   | Place    | Note
-------+----------+-------------------------------------------
     0 | D:1      | boopmooplesden the Minotaur Berserker began the quest for
                  | the Orb.
     0 | D:1      | Reached XP level 1. HP: 19/19 MP: 0/0
   220 | D:1      | Reached XP level 2. HP: 24/27 MP: 1/1
   536 | D:1      | Reached ** piety under Trog
   860 | D:2      | Reached XP level 3. HP: 33/33 MP: 2/2
  1674 | D:2      | Found a hide-covered altar of Uskayaw.
  1777 | D:2      | Reached XP level 4. HP: 37/41 MP: 3/3
  1826 | D:2      | Reached skill level 5 in Maces & Flails
  1841 | D:2      | Reached XP level 5. HP: 12/47 MP: 4/4
  2225 | D:3      | Reached skill level 1 in Stealth
  2235 | D:3      | Found a faded altar of an unknown god.
  2237 | D:3      | Reached *** piety under Trog
  2409 | D:3      | Noticed Jessica
  2417 | D:3      | Killed Jessica
  2583 | D:3      | Noticed Natasha
  2589 | D:3      | Killed Natasha
  2590 | D:3      | Reached XP level 6. HP: 53/53 MP: 5/5
  2693 | D:3      | Noticed Natasha
  2700 | D:3      | Killed Natasha
  2730 | D:3      | Noticed Natasha
  2743 | D:3      | Killed Natasha
  2951 | D:3      | Noticed Terence
  2962 | D:3      | Killed Terence
  3071 | D:4      | Reached skill level 5 in Fighting
  3071 | D:4      | Reached skill level 1 in Staves
  3124 | D:4      | Reached **** piety under Trog
  3189 | D:4      | Reached XP level 7. HP: 50/61 MP: 6/6
  3242 | D:4      | Identified the +11 rapier of Gohate {protect, +Blink rPois
                  | Will+++}
  3747 | D:4      | Noticed Robin
  3753 | D:4      | Killed Robin
  3754 | D:4      | Reached skill level 1 in Short Blades
  4108 | D:5      | Entered Level 5 of the Dungeon
  4204 | D:5      | Reached skill level 2 in Short Blades
  4273 | D:5      | Found a sand-covered staircase.
  4286 | Ossuary  | Entered an ossuary
  4382 | Ossuary  | Reached skill level 3 in Short Blades
  4420 | Ossuary  | Reached ***** piety under Trog
  4563 | Ossuary  | Reached XP level 8. HP: 68/69 MP: 7/7
  4732 | D:5      | Reached skill level 4 in Short Blades
  4822 | D:5      | Found a staircase to the Ecumenical Temple.
  4836 | D:5      | Reached skill level 5 in Short Blades
  5218 | D:6      | Reached skill level 6 in Short Blades
  5265 | D:6      | Reached skill level 7 in Short Blades
  5290 | D:6      | Reached XP level 9. HP: 50/78 MP: 8/8
  5401 | D:6      | Reached skill level 8 in Short Blades
  5651 | D:6      | Found Egetahac's Magic Scroll Boutique.
  6119 | D:7      | Reached skill level 5 in Armour
  6544 | D:8      | Noticed Harold
  6546 | D:8      | Received a gift from Trog
  6562 | D:8      | Killed Harold
  6563 | D:8      | Reached skill level 9 in Short Blades
  6587 | D:8      | Reached skill level 5 in Dodging
  6591 | D:8      | Reached XP level 10. HP: 15/88 MP: 9/9
  6600 | D:8      | Gained mutation: You are frail. (-10% HP) [potion of
                  | mutation]
  6600 | D:8      | Gained mutation: Your muscles are strong. (Str +2) [potion
                  | of mutation]
  6603 | D:8      | Reached skill level 10 in Short Blades
  7006 | D:8      | Noticed a two-headed ogre
  7011 | D:8      | Killed a two-headed ogre
  7521 | D:8      | Found a staircase to the Lair.
  7541 | D:8      | Found Dyuttu's Antique Weapon Shop.
  7858 | D:9      | Found a staircase to the Orcish Mines.
  7935 | D:9      | Noticed a two-headed ogre
  7943 | D:9      | Killed a two-headed ogre
  7944 | D:9      | Reached skill level 11 in Short Blades
  8061 | D:9      | Noticed a two-headed ogre
  8066 | D:9      | Killed a two-headed ogre
  8980 | D:9      | Identified a scroll of acquirement
  8980 | D:9      | Acquired the +18 Lear's hauberk
  8980 | D:9      | Found the +18 Lear's hauberk
  9046 | D:10     | Entered Level 10 of the Dungeon
  9055 | D:10     | Reached XP level 11. HP: 87/87 MP: 10/10
  9064 | D:10     | Reached skill level 10 in Armour
  9111 | D:10     | Noticed a two-headed ogre
  9122 | D:10     | Killed a two-headed ogre
  9269 | D:10     | You fall into a shaft and drop 3 floors!
  9307 | D:13     | Reached skill level 12 in Short Blades
  9432 | D:13     | Noticed a two-headed ogre
  9439 | D:13     | Killed a two-headed ogre
  9829 | D:13     | Noticed a vault guard
  9829 | D:13     | Noticed a vault guard
  9829 | D:13     | Noticed a vault guard
  9837 | D:13     | Noticed a vault guard
  9841 | D:13     | Noticed a vault guard
  9843 | D:13     | Killed a vault guard
  9843 | D:13     | Received a gift from Trog
  9849 | D:13     | Killed a vault guard
  9850 | D:13     | Reached skill level 10 in Fighting
  9855 | D:13     | Killed a vault guard
  9856 | D:13     | Reached skill level 13 in Short Blades
  9862 | D:13     | Killed a vault guard
  9868 | D:13     | Killed a vault guard
  9870 | D:13     | Found a gate to the Vaults.
  9871 | D:13     | Noticed a vault guard
  9872 | D:13     | Noticed a vault guard
  9880 | D:13     | Noticed a vault guard
  9883 | D:13     | Killed a vault guard
  9889 | D:13     | Killed a vault guard
  9890 | D:13     | Reached XP level 12. HP: 59/96 MP: 11/11
  9898 | D:13     | Killed a vault guard
 10435 | D:12     | Noticed a four-headed hydra
 10444 | D:12     | Killed a four-headed hydra
 10569 | D:12     | Reached skill level 14 in Short Blades
 10603 | D:12     | Noticed a death knight
 10631 | D:12     | Killed a death knight
 10877 | D:12     | Noticed a six-headed hydra
 10884 | D:12     | Killed a six-headed hydra
 11165 | D:12     | Noticed Nergalle
 11179 | D:12     | Killed Nergalle
 11432 | D:12     | Found a sparkling altar of Nemelex Xobeh.
 11509 | D:11     | Noticed a centaur warrior
 11520 | D:11     | Killed a centaur warrior
 11521 | D:11     | Reached skill level 15 in Short Blades
 11998 | D:11     | Noticed Fannar
 12010 | D:11     | Killed Fannar
 12154 | D:11     | Noticed a centaur warrior
 12165 | D:11     | Killed a centaur warrior
 12166 | D:11     | Reached XP level 13. HP: 91/107 MP: 12/12
 12810 | D:11     | Acquired a manual of Staves
 12902 | D:10     | Found a snail-covered altar of Cheibriados.
 13593 | Lair:1   | Entered Level 1 of the Lair of Beasts
 14188 | Lair:1   | Identified the +8 dagger of Instant Death {flame, Str+8
                  | Dex-2} (Trog gifted it to you on level 1 of the Lair of
                  | Beasts)
 14188 | Lair:1   | Received a gift from Trog
 15596 | Lair:3   | Found a transporter.
 15602 | Lair:3   | Noticed pkoi's ghost (journeyman DgGl)
 15631 | Lair:3   | Reached skill level 16 in Short Blades
 15637 | Lair:3   | Found a transporter.
 15673 | Lair:3   | Killed pkoi's ghost
 16008 | Lair:3   | Reached skill level 15 in Armour
 16025 | Lair:3   | Reached XP level 14. HP: 111/118 MP: 13/13
 16331 | Lair:3   | Reached skill level 17 in Short Blades
 16513 | Lair:3   | Found a staircase to the Swamp.
 16802 | Lair:4   | Found a staircase to the Snake Pit.
 17498 | Lair:4   | Identified the +0 hat "Tienicw" {Contam rC++ Str+4 Slay+2}
 17714 | Lair:5   | Received a gift from Trog
 17772 | Lair:5   | Found the +1 robe of Vines {NoPotionHeal Regen++++}
 17809 | Lair:5   | Reached skill level 15 in Fighting
 17960 | Lair:5   | Reached skill level 18 in Short Blades
 18244 | Lair:5   | Found a staircase to the Slime Pits.
 18383 | Lair:6   | Entered Level 6 of the Lair of Beasts
 18607 | Lair:6   | Found a frozen archway.
 18644 | IceCv    | Entered an ice cave
 18921 | IceCv    | Noticed a quicksilver ooze
 18927 | IceCv    | Killed a quicksilver ooze
 18928 | IceCv    | Reached XP level 15. HP: 97/128 MP: 14/14
 19047 | IceCv    | Reached skill level 19 in Short Blades
 19080 | IceCv    | Found a viscous altar of Jiyva.
 19080 | IceCv    | Noticed an azure jelly
 19092 | IceCv    | Killed an azure jelly
 19257 | IceCv    | Identified the ring of Liju {rElec rPois rC+ rN+ Dex-5}
 19619 | Lair:6   | Found a runed translucent door.
 19621 | Lair:6   | Noticed adizb's ghost (journeyman TeFi)
 19830 | Lair:6   | Received a gift from Trog
 19902 | Lair:6   | Found a corrupted altar of Lugonu.
 19902 | Lair:6   | Found a one-way gate to the infinite horrors of the Abyss.
 20427 | Lair:6   | Killed adizb's ghost
 20574 | Orc:1    | Entered Level 1 of the Orcish Mines
 20766 | Orc:1    | Found Inu Req's Weapon Shoppe.
 20994 | Orc:2    | Entered Level 2 of the Orcish Mines
 20996 | Orc:2    | Noticed Josephine
 21014 | Orc:2    | Killed Josephine
 21015 | Orc:2    | Reached skill level 20 in Short Blades
 21041 | Orc:2    | Noticed Azrael
 21050 | Orc:2    | Killed Azrael
 21128 | Orc:2    | Found Rylasain's Book Boutique.
 21148 | Orc:2    | Found Biar's General Store.
 21189 | Orc:2    | Received a gift from Trog
 21326 | Orc:2    | Found Kurus's Antique Weapon Emporium.
 21421 | Orc:2    | Found Ismi's Magic Scroll Boutique.
 21602 | Orc:2    | Found a staircase to the Elven Halls.
 21809 | Snake:1  | Entered Level 1 of the Snake Pit
 21908 | Snake:1  | HP: 1/132 [naga warrior/+0 halberd (14)]
 21909 | Snake:1  | Constricted to death by a naga warrior

Illustrated notes

Levels and vault maps discovered:
D:1:      tarquinn_simple_flora_water_c, layout_basic, roderic_roman_lattice
D:2:      cheibrodos_fertilizer, layout_basic, basic_altar,
          kennysheep_pointless_box
D:3:      layout_basic, hellmonk_ecumenical_altar_dog_temple,
          minmay_strange_pillars, serial_bayou_pond_e, grunt_ministairs_4,
          uniq_jessica, uniq_natasha, uniq_terence
D:4:      layout_basic, uniq_robin
D:5:      layout_gridville, minmay_temple_entry_grid, nicolae_ossuary_entry_plus
D:6:      layout_rooms, serial_shops, shop, grunt_ministairs_12,
          minmay_misc_feat_alley
D:7:      layout_gridville
D:8:      layout_loops_cross, lair_entry_dummy, serial_shops, shop,
          minmay_microvault, uniq_harold
D:9:      layout_stronghold, minmay_orc_entry_temple_small, due_unseen_surprise
D:10:     layout_loops_ring, mainiacjoe_overflow_cross_hatched, enter_bailey_5
D:11:     minmay_cut_squares, layout_basic, uniq_fannar
D:12:     layout_basic, nemelex_lonely_heart_becter, uniq_nergalle
D:13:     layout_long_grid, erik_vaults_2
Lair:1:   layout_cave_pods
Lair:2:   layout_gridlike, serial_bayou_shore_a
Lair:3:   layout_cave_pods, nicolae_swamp_entry_splash_gauntlet,
          nzn_ghost_randoct, hibernation_bobbens, grunt_megastairs_3,
          infiniplex_staircase_pool
Lair:4:   minmay_lair_oklob_tunnel, layout_regular_city,
          minmay_snake_entry_guardpost_large, infiniplex_staircase_pool_2
Lair:5:   layout_roguey, minmay_slime_entry_oklob_enclosed,
          chequers_serial_rivers_room_a, minmay_stone_trees_small,
          fungi_pond_lemuel, hellmonk_guarded_unrand_vines, grunt_megastairs_4
Lair:6:   hellmonk_lair_end_abyssal_woods, layout_hall_layers,
          gammafunk_ghost_grave, portal_ice_cave_entry_animals_and_master,
          grunt_megastairs_1
Snake:1:  layout_onion_interference, nicolae_snake_gridmaze_swirls,
          serial_bayou_shore_b
Orc:1:    layout_diamond_mine, basic_altar, serial_shops,
          nicolae_shop_advertising_works [nicolae_subvault_shop_adworks]
Orc:2:    st_orc_open, layout_caves, mines2_david, uniq_josephine, uniq_azrael

Skill      XL: |  1  2  3  4  5  6  7  8  9 10 11 12 13 14 15 |
---------------+----------------------------------------------+-----
Maces & Flails | 4 5 6 7 |  7.2
Fighting       | 4 5 6 7 9 10 12 14 15 17 | 17.5
Dodging        | 3 4 5 6 7 8 |  8.7
Stealth        | 1 2 3 |  3.6
Staves         | 2 3 |  3.9
Armour         | 3 4 7 9 12 13 15 16 18 | 18.0
Short Blades   | 3 7 9 11 13 15 16 18 20 | 20.6

Action                   |  1- 3 |  4- 6 |  7- 9 | 10-12 | 13-15 || total
-------------------------+-------+-------+-------+-------+-------++-------
Melee: Mace              |    61 |       |       |       |       ||    61
       Headbutt          |    11 |    17 |    34 |   108 |   310 ||   480
       Flail             |    32 |    64 |       |       |       ||    96
       Punch             |       |     2 |     2 |     8 |    24 ||    36
       Quarterstaff      |       |    60 |     7 |       |       ||    67
       Rapier            |       |       |   241 |   409 |  1153 ||  1803
Invok: Berserk           |       |     3 |     2 |     9 |    18 ||    32
       Brothers in Arms  |       |       |       |       |     2 ||     2
       Trog's Hand       |       |       |       |       |     1 ||     1
  Use: Potion            |       |     1 |       |     2 |       ||     3
       Scroll            |       |       |       |    16 |     9 ||    25
 Stab: Sleeping          |     2 |       |       |       |       ||     2
       Distracted        |       |       |       |       |     2 ||     2
Armor: Animal skin       |    21 |    13 |       |       |       ||    34
       Skin              |       |     7 |       |       |       ||     7
       Chain mail        |       |    19 |   176 |   218 |   644 ||  1057
Dodge: Dodged            |    65 |    73 |   153 |   139 |   556 ||   986
